 Dungeon Crawl Stone Soup version 0.25-a0-803-g58bd18402a (webtiles) character file.

Game seed: 8479575754647717131, levelgen mode: deterministic

126 Maedhros the Charlatan (level 5, 0/49 HPs)
             Began as an Octopode Artificer on Apr 19, 2020.
             Succumbed to a worker ant's poison
             ... on level 3 of the Dungeon.
             The game lasted 00:00:39 (528 turns).

Maedhros the Charlatan (Octopode Artificer)          Turns: 528, Time: 00:00:40

Health: 0/49       AC:  1    Str: 11    XL:     5   Next: 9%
Magic:  5/8        EV: 13    Int: 14    God:
Gold:   78         SH:  0    Dex: 13    Spells: 4/4 levels left

rFire    . . .     SeeInvis .   a - +0 short sword
rCold    . . .     Gourm    .   (no shield)
rNeg     . . .     Faith    .   (helmet restricted)
rPois    .         Spirit   .   (no amulet)
rElec    .         Reflect  .   (no ring)
rCorr    .         Harm     .   (no ring)
MR       .....                  (no ring)
Stlth    ..........             (no ring)
HPRegen  0.16/turn              (no ring)
MPRegen  0.11/turn              (no ring)
                                (no ring)
                                (no ring)

@: berserking (expiring), lethally poisoned (0 -> -4), very slightly
contaminated, hasted, invisible, very quick
A: almost no armour, stealthy swim, amphibious, 8 rings, constrict 8, camouflage
1, gelatinous body 1
a: no special abilities


You were on level 3 of the Dungeon.
You were not hungry.

You visited 1 branch of the dungeon, and saw 3 of its levels.

You collected 78 gold pieces.

Inventory:

Hand Weapons
 a - a +0 short sword (weapon)
Wands
 b - a wand of flame (14)
 c - a wand of enslavement (15)
 d - a wand of random effects (15)
Scrolls
 e - 3 scrolls of identify {unknown}
 i - a scroll of teleportation {unknown}
Comestibles
 f - a ration


   Skills:
 - Level 1.0 Fighting
 - Level 1.0 Short Blades
 - Level 2.0 Dodging
 + Level 3.5 Stealth
 * Level 3.1 Unarmed Combat
 + Level 4.1 Evocations


You had 4 spell levels left.
You didn't know any spells.
Your spell library was empty.

Dungeon Overview and Level Annotations

Branches:
Dungeon (3/15)

Altars:


Innate Abilities, Weirdness & Mutations

You cannot wear most types of armour.
You are very stealthy in the water. (Stealth+)
You are amphibious.
You can wear up to eight rings at the same time.
You can use your tentacles to constrict eight enemies at once.
Your skin changes colour to match your surroundings (Stealth+).
Your rubbery body absorbs attacks. (AC +1, EV +1)


Message History

The orc shouts! x2
The centaur barely misses you.
You puncture the centaur!
You kill the centaur!
Your Stealth skill increases to level 3!
Your Unarmed Combat skill increases to level 3!
Your Evocations skill increases to level 4!
You have reached level 4!
You have reached level 5!
You feel clever.
* * * LOW HITPOINT WARNING * * *
You feel sick.
The orc shouts! x2
An orc comes into view. It is wielding a +0 flail.
The orc shouts! x2
Things that are here:
a +0 shortbow; 19 arrows; a centaur corpse Unknown command.
You closely miss the orc. You grab the orc. You constrict the orc.
You die...

#####..#
##.<...#
##?.##..#
##..## ##
#..##
###†##
###...# .#
#...###..##
##..@ooo..#
######.#.#


You could see 3 orcs.

Vanquished Creatures
  A centaur (D:3)
  A worker ant (D:3)
  A worm (D:2)
  A leopard gecko (D:2)
  A ball python (D:1)
  3 giant cockroaches (D:1)
  A goblin (D:1)
  2 hobgoblins (D:1)
  4 jackals (D:1)
  A kobold (D:1)
  A frilled lizard (D:1)
  A rat (D:2)
18 creatures vanquished.

Notes
Turn   | Place    | Note
-------+----------+-------------------------------------------
     0 | D:1      | Maedhros the Octopode Artificer began the quest for the
                  | Orb.
     0 | D:1      | Reached XP level 1. HP: 13/13 MP: 3/3
    72 | D:1      | Reached skill level 1 in Unarmed Combat
    72 | D:1      | Reached XP level 2. HP: 15/18 MP: 4/4
   495 | D:2      | Reached XP level 3. HP: 23/23 MP: 5/5
   522 | D:3      | Noticed a centaur
   524 | D:3      | HP: 1/34 [centaur (8)]
   526 | D:3      | Killed a centaur
   526 | D:3      | Reached skill level 4 in Evocations
   526 | D:3      | Reached XP level 4. HP: 2/28 MP: 5/7
   526 | D:3      | Reached XP level 5. HP: 2/33 MP: 5/8
   528 | D:3      | Succumbed to a worker ant's poison

Levels and vault maps discovered:
D:1:      dpeg_arrival_rooms_with_view, layout_basic,
          chequers_serial_rivers_micro_c, grunt_decor_clamped,
          chequers_arboretum, skrybe_limestone_x
D:2:      minmay_recursive_quarters, layout_loops_ring, first_ration,
          uniq_crazy_yiuf_cottage
D:3:      layout_rooms, marbit_many_paths, uniq_robin

Skill      XL: |  1  2  3 |
---------------+----------+-----
Unarmed Combat | 1 3 |  3.1
Stealth        | 2 3 |  3.5
Evocations     | 4 |  4.1
Fighting       | |  1.0
Short Blades   | |  1.0
Dodging        | |  2.0

Action                   |  1- 3 |  4- 6 || total
-------------------------+-------+-------++-------
Melee: Short sword       |    35 |     1 ||    36
       Constrict         |    11 |     1 ||    12
       Tentacles         |     7 |       ||     7
       Punch             |     1 |       ||     1
Evoke: Wand              |     1 |       ||     1
  Use: Potion            |     3 |       ||     3
 Stab: Sleeping          |     4 |       ||     4
Armor: Skin              |     3 |       ||     3
Dodge: Dodged            |    20 |       ||    20

Table legend:
 A = Non-vault XP
 B = Vault XP
 C = Vault XP percentage of total XP
 D = Non-vault monster count
 E = Vault monster count
 F = Vault count percentage of total count
                 A         B        C        D         E       F
            +---------+---------+-------+---------+---------+-------
      Total |     180 |       0 |   0.0 |      18 |       0 |   0.0
            +---------+---------+-------+---------+---------+-------
        D:1 |      25 |       0 |   0.0 |      13 |       0 |   0.0
        D:2 |      10 |       0 |   0.0 |       3 |       0 |   0.0
        D:3 |     145 |       0 |   0.0 |       2 |       0 |   0.0
            +---------+---------+-------+---------+---------+-------
